 Dungeon Crawl Stone Soup version 0.25-a0-731-g0472a16 (webtiles) character file.

Game seed: 15318199433448309335, levelgen mode: deterministic

11533 Hazorath the Commander (level 11, -1/84 HPs)
             Began as a Demonspawn Fighter on Apr 9, 2020.
             Was a High Priest of Okawaru.
             Killed by divine providence
             ... invoked by a smoke demon
              (14 damage)
             ... in a volcano.
             The game lasted 00:44:38 (12527 turns).

Hazorath the Commander (Demonspawn Fighter)        Turns: 12527, Time: 00:44:38

Health: -1/84      AC: 13    Str: 16      XL:     11   Next: 50%
Magic:  18/19      EV: 16    Int: 10      God:    Okawaru [*****.]
Gold:   538        SH:  6    Dex: 15 (16) Spells: 10/10 levels left

rFire    + + +     SeeInvis .   k - +2 rapier (elec)
rCold    . . .     Gourm    .   D - +0 buckler
rNeg     . . .     Faith    .   K - +2 robe {MR+}
rPois    .         Spirit   .   C - +0 helmet
rElec    .         Reflect  .   i - scarf {cloud immunity}
rCorr    .         Harm     .   u - +0 pair of gloves
MR       +....                  h - +2 pair of boots
Stlth    +.........             (no amulet)
HPRegen  0.24/turn              N - ring of protection from fire
MPRegen  0.16/turn              y - ring of protection from fire

@: mighty, finesse
A: molten scales 3, demonic guardian 1, spiny 1
a: Heroism, Finesse, Renounce Religion


You were in a volcano.
You worshipped Okawaru.
Okawaru was extremely pleased with you.
You were hungry.

You visited 3 branches of the dungeon, and saw 13 of its levels.
You also visited: Volcano.

You collected 625 gold pieces.
You spent 87 gold pieces at shops.

Inventory:

Hand Weapons
 a - a +0 short sword of venom
 k - a +2 rapier of electrocution (weapon)
 l - a +2 short sword of flaming
 E - the +6 quarterstaff of the Establishment {flame, rElec Int+4}
   (You found it on level 7 of the Dungeon)

   It has been specially enchanted to burn those struck by it, causing extra
   injury to most foes and up to half again as much damage against particularly
   susceptible opponents.
   It affects your intelligence (+4).
   It insulates you from electricity.
 G - a +1 vorpal trident
 M - a +4 short sword
 R - a +4 dagger of chaos
Armour
 c - a +0 kite shield
 h - a +2 pair of boots (worn)
 i - a scarf of cloud immunity (worn)
 u - a +0 pair of gloves (worn)
 x - a +0 cloak
 C - a +0 helmet (worn)
 D - a +0 buckler (worn)
 I - a +0 helmet
 J - the +1 robe "Viuhourr" {rF+}
   (You found it on level 1 of the Lair of Beasts)

   It protects you from fire.
 K - a +2 robe of magic resistance (worn)
Jewellery
 b - an uncursed ring of stealth
 o - an uncursed ring of stealth
 r - an uncursed ring of protection from cold
 v - the ring of Diolo {rC+ Int+2}
   (You found it on level 4 of the Dungeon)

   [ring of intelligence]

   It affects your intelligence (+2).
   It protects you from cold.
 y - a ring of protection from fire (right hand)
 B - an uncursed ring of protection from magic
 N - a ring of protection from fire (left hand)
Wands
 w - a wand of random effects (67)
 F - a wand of acid (5)
Scrolls
 p - 3 scrolls of amnesia
 q - 5 scrolls of teleportation
 s - 2 scrolls of magic mapping
 O - a scroll of enchant weapon
 Q - 4 scrolls of identify
Potions
 d - a potion of might
 e - 7 potions of curing
 g - 6 potions of lignification
 j - a potion of heal wounds
 m - a potion of brilliance
 n - a potion of resistance
 t - a potion of flight
 z - a potion of ambrosia
 A - 2 potions of mutation
 H - a potion of magic
 L - a potion of cancellation
 P - a potion of stabbing
Comestibles
 f - 15 rations


   Skills:
 - Level 7.1 Fighting
 - Level 9.0 Short Blades
 - Level 5.1 Polearms
 - Level 2.6 Armour
 - Level 6.4 Dodging
 - Level 6.8 Shields
 + Level 11.4 Invocations


You had 10 spell levels left.
You didn't know any spells.
Your spell library was empty.

Dungeon Overview and Level Annotations

Branches:
Dungeon (10/15)            Temple (1/1) D:4            Lair (2/6) D:9
  Swamp (0/4) Lair:2          Orc (0/2) D:9         Volcano (1/1)
  Snake: Lair:2-4    Spider: Lair:2-4

Altars:
Ashenzari
Cheibriados
Dithmenos
Elyvilon
Fedhas
Gozag
Hepliaklqana
Kikubaaqudgha
Makhleb
Nemelex Xobeh
Okawaru
Qazlal
Ru
Sif Muna
Trog
Uskayaw
Vehumet
Wu Jian
Xom
Yredelemnul
Zin
The Shining One

Shops:
D:9 ?   D:10 *

Annotations:
D:7 exclusion: statue
D:10 2 runed translucent doors, Hazorath's ghost, novice DsFi


Innate Abilities, Weirdness & Mutations

You are completely covered in molten scales. (AC +4, rF+)
A weak demonic guardian rushes to your aid.
You are partially covered in sharp spines.


Message History

You start resting.
The hell knight is too close now for your liking.
The air gets thick with the scent of sulphur.
The hell knight hits your quasit with a +1 lajatang of flaming!!
The hell knight burns your quasit.
Your quasit dies!
You puncture the hell knight!
The hell knight is lightly wounded.
You puncture the hell knight!
The hell knight is moderately wounded.
You hit the hell knight.
The hell knight is moderately wounded.
The hell knight is struck by your spines.
The hell knight hits you with a +1 lajatang of flaming!
* * * LOW HITPOINT WARNING * * *
The hell knight burns you.
* * * LOW HITPOINT WARNING * * *
The smoke demon gestures at you. Something smites you!
You die...

#[$[##...p....☼#8#
#...#.#≈#≈#≈#≈#..#
#...#.#☼#○#°#≈##.#
#%....#☼#○#°#≈##.#
##?..##########3.#
##### #.....5p)##
#### #3######## ##..#
#p# ##§..## ##@##
##.....###858#
##...≈§..##...##
#...≈≈≈§.......#
##...§≈≈≈≈......#
####..≈≈°≈≈≈≈≈§....#
#.☼..≈≈§≈≈§≈≈§≈≈≈..##
.○°..§§§≈≈§§≈§§≈§≈..#
.°.○≈°≈≈≈≈≈≈§≈§≈§§≈§#


You could see a hell knight, a smoke demon and a friendly white imp.

Vanquished Creatures
  3 two-headed ogres
  An obsidian statue (Volcano)
  An orc sorcerer (D:7)
  Maurice (D:9)
  Psyche (D:9)
  3 spiny frogs (Lair:1)
  2 black mambas (Lair:1)
  A komodo dragon (Lair:1)
  A rime drake (Lair:1)
  A red devil (Volcano)
  Prince Ribbit (D:6)
  6 fire bats (Volcano)
  A water moccasin (D:9)
  A hell hound (Volcano)
  3 sky beasts
  A porcupine (Lair:1)
  A black bear (D:8)
  A phantom (D:9)
  An orc warrior (D:9)
  4 wolves (Lair:1)
  5 centaurs
  4 crocodiles (Lair:1)
  3 big kobolds
  12 bullfrogs
  A water moccasin zombie (D:9)
  Dowan (D:6)
  A scorpion (D:7)
  2 vampire bats (D:3)
  4 wights (D:8)
  8 lava snakes (Volcano)
  A bullfrog zombie (D:8)
  2 crimson imps
  8 hounds
  2 quasits
  A centaur zombie (D:7)
  Crazy Yiuf (D:4)
  A bullfrog skeleton (D:7)
  A centaur skeleton (D:7)
  Jessica (D:2)
  2 iguanas
  Natasha (thrice) (D:4)
  An orc wizard (D:4)
  A worker ant zombie (D:9)
  A howler monkey skeleton (D:8)
  12 adders
  5 shadow imps
  2 adder skeletons
  5 worms
  3 leopard geckos
  17 orcs
  4 bats
  A bat skeleton (D:3)
  5 bat zombies (D:3)
  A giant cockroach (D:1)
  6 goblins
  8 hobgoblins
  7 jackals (D:1)
  19 kobolds
  5 quokkas
  3 frilled lizards
  A jackal skeleton (D:4)
  A jackal zombie (D:8)
  A quokka skeleton (D:5)
  7 rats
  A spectral orc (D:7)
  A fungus (D:4)
217 creatures vanquished.

Vanquished Creatures (collateral kills)
  A hydra (Lair:1)
  A hippogriff (D:7)
  Sigmund (D:6)
  A hungry ghost (D:9)
  Duvessa (D:6)
  A porcupine (Lair:1)
  A worker ant (D:6)
  An adder (D:7)
  An orc (D:6)
9 creatures vanquished.

Grand Total: 226 creatures vanquished

Notes
Turn   | Place    | Note
-------+----------+-------------------------------------------
     0 | D:1      | Hazorath the Demonspawn Fighter began the quest for the
                  | Orb.
     0 | D:1      | Reached XP level 1. HP: 18/18 MP: 1/1
   406 | D:1      | Gained mutation: You are partially covered in molten
                  | scales. (AC +2) [demonic ancestry]
   406 | D:1      | Reached XP level 2. HP: 24/24 MP: 2/2
   752 | D:1      | Reached XP level 3. HP: 29/29 MP: 3/3
  1235 | D:2      | Found a shimmering altar of Xom.
  1241 | D:2      | Found a shimmering altar of Xom.
  1242 | D:2      | Found a shimmering altar of Xom.
  1242 | D:2      | Found a shimmering altar of Xom.
  1242 | D:2      | Found a shimmering altar of Xom.
  1354 | D:2      | Noticed Jessica
  1369 | D:2      | Killed Jessica
  1369 | D:2      | Reached skill level 1 in Dodging
  1429 | D:2      | Reached XP level 4. HP: 33/35 MP: 4/4
  1575 | D:2      | Found an ornate altar of the Wu Jian Council.
  2112 | D:2      | Found a burning altar of Makhleb.
  2151 | D:3      | Found an iron altar of Okawaru.
  2416 | D:3      | Found a faded altar of an unknown god.
  2575 | D:3      | Found an ancient bone altar of Kikubaaqudgha.
  2584 | D:3      | Gained mutation: A weak demonic guardian rushes to your
                  | aid. [demonic ancestry]
  2584 | D:3      | Reached XP level 5. HP: 40/41 MP: 5/5
  2828 | D:4      | Got a wavering golden ring
  2830 | D:4      | Identified the ring of Diolo {rC+ Int+2} (You found it on
                  | level 4 of the Dungeon)
  3469 | D:4      | Noticed Natasha
  3477 | D:4      | Killed Natasha
  3477 | D:4      | Gained mutation: You are mostly covered in molten scales.
                  | (AC +3) [demonic ancestry]
  3477 | D:4      | Reached XP level 6. HP: 44/47 MP: 6/6
  3492 | D:4      | Found a staircase to the Ecumenical Temple.
  3502 | Temple   | Entered the Ecumenical Temple
  3739 | D:4      | Noticed Natasha
  3926 | D:4      | Killed Natasha
  3957 | D:3      | Became a worshipper of Warmaster Okawaru
  4036 | D:4      | Noticed Natasha
  4040 | D:4      | Killed Natasha
  4173 | D:4      | Found an opulent altar of Gozag.
  4238 | D:4      | Found a runed translucent door.
  4239 | D:4      | Noticed Crazy Yiuf
  4247 | D:4      | Killed Crazy Yiuf
  4319 | D:5      | Entered Level 5 of the Dungeon
  4386 | D:5      | Noticed a sky beast
  4680 | D:5      | Killed a sky beast
  4879 | D:5      | Found an iron altar of Okawaru.
  4880 | D:5      | Found a hide-covered altar of Uskayaw.
  5134 | D:5      | Noticed a moth of wrath
  5137 | D:5      | Found a bloodstained altar of Trog.
  5542 | D:5      | Found a shimmering blue altar of Sif Muna.
  5645 | D:6      | Reached XP level 7. HP: 54/54 MP: 7/7
  5658 | D:6      | Noticed Dowan
  5683 | D:6      | Killed Dowan
  5683 | D:6      | Reached * piety under Okawaru
  5689 | D:6      | Noticed Duvessa
  5703 | D:6      | Killed Duvessa
  5703 | D:6      | Reached skill level 5 in Short Blades
  5750 | D:6      | Noticed Prince Ribbit
  5783 | D:6      | Killed Prince Ribbit
  5783 | D:6      | Reached ** piety under Okawaru
  5783 | D:6      | Gained mutation: You are partially covered in sharp spines.
                  | [demonic ancestry]
  5783 | D:6      | Reached XP level 8. HP: 21/61 MP: 5/8
  6202 | D:6      | Noticed Sigmund
  6207 | D:6      | Killed Sigmund
  6207 | D:6      | Reached skill level 3 in Invocations
  6588 | D:7      | Got a steaming quarterstaff
  6594 | D:7      | Identified the +6 quarterstaff of the Establishment {flame,
                  | rElec Int+4} (You found it on level 7 of the Dungeon)
  6660 | D:7      | Reached skill level 1 in Polearms
  6766 | D:7      | Found a glowing golden altar of the Shining One.
  6790 | D:7      | Reached skill level 5 in Fighting
  6796 | D:7      | Reached skill level 5 in Shields
  6848 | D:7      | Found a radiant altar of Vehumet.
  6874 | D:7      | Noticed a hippogriff
  6878 | D:7      | Noticed an orc sorcerer
  6938 | D:7      | Killed a hippogriff
  6939 | D:7      | Paralysed by an orc sorcerer for 2 turns
  6946 | D:7      | Killed an orc sorcerer
  6946 | D:7      | Gained mutation: You are completely covered in molten
                  | scales. (AC +4, rF+) [demonic ancestry]
  6946 | D:7      | Reached XP level 9. HP: 32/68 MP: 9/11
  7173 | D:7      | Reached *** piety under Okawaru
  7303 | D:7      | Found a basalt altar of Yredelemnul.
  7508 | D:8      | Reached skill level 5 in Dodging
  7994 | D:8      | Noticed a two-headed ogre
  7997 | D:8      | Noticed a two-headed ogre
  8000 | D:8      | Killed a two-headed ogre
  8000 | D:8      | Reached **** piety under Okawaru
  8006 | D:8      | Killed a two-headed ogre
  8006 | D:8      | Reached skill level 5 in Polearms
  8006 | D:8      | Reached XP level 10. HP: 42/76 MP: 12/12
  8514 | D:9      | Noticed a two-headed ogre
  8523 | D:9      | Killed a two-headed ogre
  8649 | D:9      | Noticed Maurice
  8650 | D:9      | Found a staircase to the Orcish Mines.
  8663 | D:9      | Killed Maurice
  8663 | D:9      | Reached ***** piety under Okawaru
  8757 | D:9      | Found Xeorom's Magic Scroll Emporium.
  8804 | D:9      | Bought a scroll of teleportation for 39 gold pieces
  8804 | D:9      | Bought a scroll of identify for 26 gold pieces
  9108 | D:9      | Found a staircase to the Lair.
  9152 | D:9      | Noticed Psyche
  9267 | D:9      | Killed Psyche
  9463 | D:9      | Found a shattered altar of Ashenzari.
  9604 | D:10     | Entered Level 10 of the Dungeon
  9701 | D:10     | Found a runed translucent door.
  9703 | D:10     | Noticed a skeletal warrior
  9703 | D:10     | Noticed an ice dragon
  9705 | D:10     | Noticed a skeletal warrior
  9705 | D:10     | Noticed a necromancer
  9706 | D:10     | Noticed a lich
  9708 | D:10     | Noticed Hazorath's ghost (novice DsFi)
  9710 | D:10     | Found a runed translucent door.
  9739 | D:10     | Found Zazapaiv's Assorted Antiques.
  9744 | D:10     | Bought a scroll labeled PEQISIJEC for 22 gold pieces
  9863 | Lair:1   | Entered Level 1 of the Lair of Beasts
 10156 | Lair:1   | Reached skill level 4 in Invocations
 10160 | Lair:1   | Reached skill level 5 in Invocations
 10359 | Lair:1   | Reached skill level 6 in Invocations
 10408 | Lair:1   | Got a faintly humming robe
 10419 | Lair:1   | Identified the cursed +1 robe "Viuhourr" {rF+} (You found
                  | it on level 1 of the Lair of Beasts)
 10444 | Lair:1   | Noticed a spiny frog
 10448 | Lair:1   | Received a gift from Okawaru
 10455 | Lair:1   | Killed a spiny frog
 10455 | Lair:1   | Reached XP level 11. HP: 51/84 MP: 14/16
 10519 | Lair:1   | Reached skill level 7 in Invocations
 11203 | Lair:1   | Reached skill level 8 in Invocations
 11324 | Lair:1   | Noticed a six-headed hydra
 11335 | Lair:1   | Killed a six-headed hydra
 11335 | Lair:1   | Reached skill level 9 in Invocations
 11843 | Lair:2   | Found a dark tunnel.
 11849 | Volcano  | Entered a volcano
 11879 | Volcano  | Reached skill level 10 in Invocations
 12110 | Volcano  | Noticed an obsidian statue
 12184 | Volcano  | Reached skill level 11 in Invocations
 12463 | Volcano  | Noticed a soul eater
 12465 | Volcano  | Noticed a sixfirhy
 12490 | Volcano  | Killed an obsidian statue
 12491 | Volcano  | Found a bloodstained altar of Trog.
 12492 | Volcano  | Noticed a hell knight
 12527 | Volcano  | Killed from afar by a smoke demon

Levels and vault maps discovered:
D:1:      minmay_arrival_solitary_statue, layout_loops_corners, minmay_bisected
D:2:      layout_loops_ring, lemuel_doored_altar, lightli_temple_of_fire,
          xom_redecorated, uniq_jessica
D:3:      layout_basic, kennysheep_vampire_church,
          chequers_ecumenical_altar_simple_redux, okawaru_ov_weapons_minmay
D:4:      layout_basic, kennysheep_mini_moat, minmay_temple_entry_nine_rooms,
          first_ration, uniq_crazy_yiuf_cottage, uniq_natasha
D:5:      layout_gridville, tgw_trog, marbit_many_paths,
          gammafunk_temple_overflow_pools
D:6:      layout_basic, uniq_duvessa, uniq_sigmund, uniq_prince_ribbit1
D:7:      cheibrodos_wizards_tower, layout_rooms, nicolae_tso_carved_into_rock,
          yredelemnul_forgotten_temple_becter, vehumet_statue
D:8:      layout_gridville
D:9:      layout_roguey, lemuel_crystal_altar, lair_entry_dummy, orc_0_dummy,
          serial_shops, nicolae_shop_statue_plus, grunt_pizzeria,
          minmay_misc_feat_diagonals, minivault_24,
          hangedman_decor_diamond_cutter, chequers_arboretum, uniq_maurice,
          uniq_psyche
D:10:     layout_roguey, serial_shops, shop, muffindrake_ghost_dual_entry,
          uniq_snorg
Temple:   jpeg_temple_island
Lair:1:   cheibrodos_lair_river_kwai, layout_gridlike
Lair:2:   layout_regular_city, palyth_hydra_swamp_entry, enter_volcano_1
Volcano:  volcano_grotto [vgs_trial_by_fire]

Skill      XL: |  1  2  3  4  5  6  7  8  9 10 11 |
---------------+----------------------------------+-----
Short Blades   | 2 3 4 5 6 7 9 |  9.0
Shields        | 3 4 5 6 |  6.8
Dodging        | 1 2 3 4 5 6 |  6.4
Fighting       | 4 5 6 7 |  7.1
Invocations    | 3 6 11 | 11.4
Polearms       | 2 5 |  5.1
Armour         | |  2.6

Action                   |  1- 3 |  4- 6 |  7- 9 | 10-12 || total
-------------------------+-------+-------+-------+-------++-------
Melee: Rapier            |   109 |   162 |   188 |   256 ||   715
       Short sword       |       |       |       |    17 ||    17
Invok: Heroism           |       |       |     2 |     3 ||     5
       Finesse           |       |       |       |     2 ||     2
  Use: Scroll            |     8 |     9 |     3 |     8 ||    28
       Potion            |       |       |       |     4 ||     4
 Stab: Sleeping          |       |    10 |     7 |     8 ||    25
       Distracted        |       |       |     2 |     1 ||     3
  Eat: Chunk             |     1 |     7 |     7 |    11 ||    26
       Ration            |       |     2 |       |     1 ||     3
Armor: Scale mail        |    51 |       |       |       ||    51
       Robe              |     5 |    54 |    44 |    55 ||   158
Dodge: Dodged            |    23 |    18 |   102 |   138 ||   281
Block: Kite shield       |    50 |    55 |    13 |       ||   118
       Buckler           |       |       |    33 |    59 ||    92

Table legend:
 A = Non-vault XP
 B = Vault XP
 C = Vault XP percentage of total XP
 D = Non-vault monster count
 E = Vault monster count
 F = Vault count percentage of total count
                 A         B        C        D         E       F
            +---------+---------+-------+---------+---------+-------
      Total |    9214 |    7263 |  44.1 |     173 |      52 |  23.1
            +---------+---------+-------+---------+---------+-------
        D:1 |      46 |       4 |   8.0 |      24 |       3 |  11.1
        D:2 |      56 |      37 |  39.8 |      12 |       1 |   7.7
        D:3 |       9 |     126 |  93.3 |       7 |       8 |  53.3
        D:4 |     170 |      77 |  31.2 |      11 |       2 |  15.4
        D:5 |     127 |      37 |  22.6 |       8 |       6 |  42.9
        D:6 |     484 |     552 |  53.3 |      15 |       4 |  21.1
        D:7 |     882 |     577 |  39.5 |      20 |       2 |   9.1
        D:8 |    2967 |       0 |   0.0 |      34 |       0 |   0.0
        D:9 |    1678 |    1006 |  37.5 |      21 |       3 |  12.5
       D:10 |      59 |       0 |   0.0 |       2 |       0 |   0.0
     Lair:1 |    2736 |    2227 |  44.9 |      19 |       6 |  24.0
    Volcano |       0 |    2620 | 100.0 |       0 |      17 | 100.0
            +---------+---------+-------+---------+---------+-------
